[Event "*** Titled Tuesday Blitz"]
[Site "Chess.com"]
[Date "2020.05.12"]
[Round "6"]
[White "2L8IWUN"]
[Black "TheCount"]
[Result "1-0"]
[WhiteElo "2467"]
[BlackElo "2590"]
[TimeControl "180+1"]
[EndTime "11:07:11 PDT"]
[Termination "2L8IWUN won by resignation"]

1. Nf3 Nf6 2. c4 g6 3. g3 Bg7 4. Bg2 O-O 5. O-O d5 6. d4 dxc4 7. Na3 c3 8. bxc3 c5 9. e3 Qb6 10. Qe2 Ne4 11. Bb2 Nc6 12. Rfd1 cxd4 13. cxd4 Be6 14. Ne5 Nxe5 15. dxe5 Nc5 16. Bd4 Rac8 17. Rac1 Rfd8 18. Nc4 Qa6 19. f4 Na4 20. Bf1 b6 21. a3 Nc5 22. Qb2 Qb7 23. Bg2 Bd5 24.
Bxc5 Bxg2 25. Rxd8+ Rxd8 26. Qxg2 Qxg2+ 27. Kxg2 bxc5 28.
Rc2 e6 29. Nd6 Bf8 30. Ne4 Rd3 31. Rc3 Rxc3 32. Nxc3 c4 33. a4 Bb4 34. Nb5 c3 35. Nd4 Bc5 36. Nc2 Kf8 37. Kf3 Ke7 38. Ke4 Kd7 39.
Kd3 Kc6 40. Kxc3 Kd5 41. Kd3 Kc6 42. Kc4 a5 43. Nd4+ Kb6 44. h3 Bb4 45. g4 Bd2 46. Nc2 Bc1 47. h4 Kc6 48. h5 gxh5 49. gxh5 h6 50.
Nd4+ Kb6 51. Nc2 Kc6 52. Nd4+ Kb6 53. Kd3 Kc5 54. Nb3+ Kb4 55. Nxc1 Kxa4 56. Kc4 Ka3 57. e4 a4 58. Nd3 Ka2 59. Kc3 Ka3 60. Nb2 Ka2 61.
Nxa4 Kb1 62. Nc5 Kc1 63. f5 1-0

[Event "*** Titled Tuesday Blitz"]
[Site "Chess.com"]
[Date "2020.05.12"]
[Round "6"]
[White "woodhy"]
[Black "isla88"]
[Result "0-1"]
[WhiteElo "2441"]
[BlackElo "2303"]
[TimeControl "180+1"]
[EndTime "11:07:11 PDT"]
[Termination "isla88 won by checkmate"]

1. e4 c5 2. Nf3 Nc6 3. d4 cxd4 4. Nxd4 e5 5. Nb5 d6 6. c4 Be7 7. N1c3 a6 8. Na3 f5 9. Bd3 f4 10. Nd5 Nf6 11. Nxe7 Qxe7 12. Nc2 O-O 13. b3 Be6 14. Ba3 Rad8 15. Qe2 Qf7 16. O-O-O g5 17. f3 Na5 18.
g3 Nh5 19. g4 Nf6 20. h4 h6 21. hxg5 hxg5 22. Rh6 Kg7 23. Rdh1 b5 24. Qh2 bxc4 25. bxc4 Bxc4 26. Rh7+ Nxh7 27. Qxh7+ Kf6 28. Qf5+ Ke7 29.
Rh7 Bxd3 30. Qxe5+ Kd7 31. Rxf7+ Rxf7 32. Qxd6+ Kc8 33. Qe6+ Rfd7 34. Nb4 Kb7 35. Nxd3 Rxd3 36. Qe7+ Ka8 37. Bc5 Rd1+ 38. Kb2 R8d2+ 39. Ka3 Rd3+ 40. Ka4 Nb7 41. Bb4 Rd4 42. a3 a5 43. Qxg5 axb4 44. Qxf4 bxa3+ 45. Kxa3 R1d3+ 46. Kb2 Rd2+ 47. Kc3 R4d3+ 48. Kb4 Rb2+ 49. Kc4 Rbb3 50. Qf8+ Ka7 51. Qf5 Nd6+ 52. Kc5 Nxf5 53. gxf5 Rxf3 54. Kd5 Rbe3 55. Kd4 Rd3+ 56. Ke5 Kb6 57. Kf6 Kc7 58. e5 Rd5 59. e6 Rdxf5+ 60. Ke7 Re5 61. Ke8 Rxe6# 0-1

[Event "*** Titled Tuesday Blitz"]
[Site "Chess.com"]
[Date "2020.05.12"]
[Round "6"]
[White "Quaternitychess"]
[Black "gmcorrales"]
[Result "1-0"]
[WhiteElo "2658"]
[BlackElo "2783"]
[TimeControl "180+1"]
[EndTime "11:07:12 PDT"]
[Termination "Quaternitychess won on time"]

1. e4 c5 2. Nc3 Nc6 3. Nf3 g6 4. Bb5 Bg7 5. O-O Nd4 6. Nxd4 cxd4 7. Ne2 e6 8. c3 dxc3 9. dxc3 Ne7 10. Qd6 Qb6 11.
Qxb6 axb6 12. Bf4 f5 13. f3 O-O 14. Bd6 Rf7 15. e5 Nc6 16. f4 h6 17. h4 g5 18. hxg5 hxg5 19. g3 Bf8 20. Rfd1 Rg7 21. Kf2 Nd8 22. Bxf8 Kxf8 23. Rd6 Nf7 24. Rxb6 Ke7 25. a4 d6 26. exd6+ Nxd6 27. Bd3 Bd7 28. Nd4 gxf4 29. gxf4 Rag8 30. Rh1 Rg2+ 31. Ke1 R8g3 32. Bf1 Re3+ 33. Kd1 Bxa4+ 34. b3 Ra2 35. Nc2 Rxc3 36. Rh7+ Nf7 37. bxa4 Raxc2 38. Rxb7+ Rc7 39. Rxc7+ Rxc7 40. a5 Rd7+ 41. Kc2 Rd4 42. a6 Rxf4 43. Bb5 Rf2+ 44. Kb3 Rg2 45. a7 Rg8 46. Bc6 Kf6 47. a8=Q Rxa8 48. Bxa8 Ng5 49. Rh8 Ke5 50. Kc3 Kf4 51.
Kd2 e5 52. Ke2 e4 53. Kf2 Nf3 54. Bb7 Ne5 55. Rf8 Ng4+ 56. Ke2 Ke5 57. Bc8 Nf6 58.
Rf7 f4 59. Re7+ Kd4 60. Bf5 f3+ 61. Kf2 Kd5 62. Kg3 Kd4 63. Re6 Nh5+ 64. Kf2 1-0

[Event "*** Titled Tuesday Blitz"]
[Site "Chess.com"]
[Date "2020.05.12"]
[Round "6"]
[White "OK97"]
[Black "TregubovP"]
[Result "1/2-1/2"]
[WhiteElo "2752"]
[BlackElo "2543"]
[TimeControl "180+1"]
[EndTime "11:07:12 PDT"]
[Termination "Game drawn by repetition"]

1. e4 e6 2. d4 d5 3. Nc3 Bb4 4.
Bd3 dxe4 5. Bxe4 Nf6 6. Bf3 O-O 7.
Ne2 Nbd7 8. O-O e5 9. a3 Bd6 10. Bg5 h6 11. Bh4 Re8 12. h3 g5 13. Bg3 e4 14.
Bg4 Nxg4 15. hxg4 Nf6 16. f3 exf3 17. gxf3 Be6 18. Kg2 Bc4 19. Rh1 Nd5 20. Qd2 Nxc3 21. Nxc3 Bxg3 22. Kxg3 Qd6+ 23. Kg2 Rad8 24. Ne4 Qg6 25.
Rae1 Bd5 26. Ng3 c5 27. Nf5 Qc6 28. Nxh6+ Kf8 29. Rh3 Bxf3+ 30. Rxf3 Qxh6 31. Rxe8+ Rxe8 32. Qf2 Qe6 33. Rf5 cxd4 34. Qxd4 Qe4+ 35. Qxe4 Rxe4 36. Kf3 Rc4 37. c3 Rc6 38. Rxg5 Rd6 39. Ke3 Ke7 40. Rf5 a6 41. a4 Rb6 42. b4 Re6+ 43. Kd4 Rg6 44.
Re5+ Kd7 45. Re4 Kd6 46. c4 b6 47. a5 bxa5 48. bxa5 Rg5 49. Rf4 Rxa5 50. Rxf7 Rg5 51.
Rf6+ Kc7 52. Rf4 Kd6 53. c5+ Rxc5 54. Rf6+ Ke7 55. Rxa6 Rg5 56. Ra7+ Ke6 57. Ra6+ Ke7 58. Ra7+ Ke6 59. Ra6+ Ke7 1/2-1/2

[Event "*** Titled Tuesday Blitz"]
[Site "Chess.com"]
[Date "2020.05.12"]
[Round "6"]
[White "chesstatour"]
[Black "robertofabregas"]
[Result "0-1"]
[WhiteElo "1918"]
[BlackElo "2093"]
[TimeControl "180+1"]
[EndTime "11:07:13 PDT"]
[Termination "robertofabregas won on time"]

1. c4 Nf6 2. Nc3 e6 3. d4 Bb4 4. g3 c5 5. Nf3 b6 6. Bg2 Bb7 7. O-O O-O 8. a3 Bxc3 9. bxc3 Ne4 10. Qc2 f5 11. Ng5 Nc6 12. Nxe4 fxe4 13. Bxe4 h6 14. Bf4 Ba6 15. Bd6 Rf6 16. d5 Ne7 17. dxe6 Rc8 18.
Rad1 Rxe6 19. Bxe7 Rxe7 20. Bd5+ Kh8 21. e4 Qe8 22. f4 Qh5 23. Qg2 Rf8 24. e5 Qf5 25.
g4 Qg6 26. f5 Qg5 27. Rde1 Bc8 28. h3 d6 29. e6 Rf6 30. Qg3 h5 31. Rf4 h4 32. Qf3 Ba6 33. Rfe4 Kh7 34. Qf4 Kh6 35. Qxg5+ Kxg5 36. Kf2 Bc8 37. Kg2 Ba6 38. a4 Bc8 39. a5 bxa5 40. Ra1 g6 41. fxg6 Rxg6 42. Rxa5 Bxe6 43.
Bxe6 Rexe6 44. Rxe6 Rxe6 45. Rxa7 Re2+ 46. Kf3 Rc2 47.
Ra3 Rh2 48. Ke4 Rxh3 49. Kd5 Rd3+ 50. Kc6 Kxg4 51. Ra8 Kg3 52. Rg8+ Kh2 53. Rg6 h3 54.
Rg8 Kh1 55. Rg6 h2 0-1

[Event "*** Titled Tuesday Blitz"]
[Site "Chess.com"]
[Date "2020.05.12"]
[Round "6"]
[White "IljaJoke"]
[Black "PavlovDanila"]
[Result "1-0"]
[WhiteElo "2549"]
[BlackElo "2691"]
[TimeControl "180+1"]
[EndTime "11:07:14 PDT"]
[Termination "IljaJoke won by resignation"]

1. d4 Nf6 2. c4 g6 3. Nc3 Bg7 4.
e4 d6 5. Be2 O-O 6. Be3 e5 7.
d5 Ne8 8. g4 f5 9. gxf5 gxf5 10.
exf5 Bxf5 11. Bg4 Qh4 12. Bxf5 Rxf5 13. Qd3 Rf7 14. Nge2 Na6 15. Ne4 Bh6 16. Rg1+ Rg7 17. O-O-O Nc5 18. Nxc5 dxc5 19. Rxg7+ Kxg7 20. Rg1+ Kh8 21. Qf5 Ng7 22. Qg4 Qxh2 23. Rg2 Qh5 24. Qxh5 Bxe3+ 25. fxe3 Nxh5 26. Rg5 Nf6 27. Rxe5 Kg7 28. Ng3 Kg6 29. Re7 h5 30. e4 h4 31. Nf5 Rh8 32.
Rg7+ Kh5 33. e5 Ng4 34. e6 h3 35. Ng3+ Kh4 36. Nf5+ Kh5 37. e7 h2 38. Ng3+ Kh4 39.
Nh1 Kh3 40. Kc2 Re8 41. Kd3 Kg2 42. Rxg4+ Kxh1 43. Rg7 a6 44. Ke4 b5 45. Ke5 bxc4 46.
Ke6 a5 47. Kd7 Rxe7+ 48. Kxe7 c3 49. bxc3 a4 50. c4 a3 51. Rh7 c6 52. dxc6 Kg1 53. Rxh2 Kxh2 54. c7 Kg3 55. c8=Q Kf3 56. Qe6 Kf4 57. Kd6 Kf3 58. Kxc5 1-0

[Event "*** Titled Tuesday Blitz"]
[Site "Chess.com"]
[Date "2020.05.12"]
[Round "6"]
[White "Y0ung_Capablanca"]
[Black "Yuri202062"]
[Result "1-0"]
[WhiteElo "2698"]
[BlackElo "2477"]
[TimeControl "180+1"]
[EndTime "11:07:14 PDT"]
[Termination "Y0ung_Capablanca won on time"]

1. d4 d5 2. c4 e6 3. Nf3 Nf6 4. Nc3 c6 5. Qd3 dxc4 6. Qxc4 b5 7. Qd3 a6 8. e4 c5 9. Bg5 cxd4 10. Nxd4 Nbd7 11.
Rd1 Bb7 12. Qe3 Qb8 13. f3 Bd6 14. Be2 O-O 15. g3 h6 16. Bxf6 Nxf6 17. O-O Rd8 18. Nb3 Qc7 19. Rc1 Bc6 20. f4 Nd7 21. e5 Be7 22.
Ne4 Rac8 23. Bf3 Qb6 24. Kf2 Qxe3+ 25. Kxe3 Bxe4 26. Bxe4 Nc5 27. Nd4 Nxe4 28. Kxe4 Bc5 29. Nb3 Bb6 30. Rfd1 Kf8 31. Rxd8+ Rxd8 32. Rc6 Rb8 33. Rd6 Ke7 34. Nd4 Bxd4 35. Kxd4 Ra8 36. Kc5 Rc8+ 37. Kb4 Rc2 38. Kb3 Rxh2 39. Rxa6 Rg2 40.
Ra7+ Ke8 41. Kb4 Rxg3 42. Kxb5 h5 43. b4 h4 44. a4 h3 45. Ra8+ Kd7 46. Rh8 Kc7 47.
a5 Ra3 48. Ka6 Ra4 49. b5 Rxf4 50. b6+ Kc6 51. Rxh3 Rb4 52. Rc3+ Kd5 53. b7 Kxe5 54. Ka7 g5 55. a6 g4 56. b8=Q+ Rxb8 57. Kxb8 1-0

[Event "*** Titled Tuesday Blitz"]
[Site "Chess.com"]
[Date "2020.05.12"]
[Round "6"]
[White "WhiteCapital80"]
[Black "viktorskliarov"]
[Result "1/2-1/2"]
[WhiteElo "2456"]
[BlackElo "2586"]
[TimeControl "180+1"]
[EndTime "11:07:14 PDT"]
[Termination "Game drawn by stalemate"]

1. e4 c5 2. Nf3 Nc6 3. d4 cxd4 4. Nxd4 Nf6 5. Nc3 e5 6. Ndb5 d6 7. Bg5 a6 8. Na3 b5 9. Nd5 Be7 10. Bxf6 Bxf6 11. c3 O-O 12. Nc2 Rb8 13. g3 g6 14. Bg2 Bg7 15. Ncb4 Nxb4 16. Nxb4 Qb6 17. Nd5 Qc5 18. Qd3 Be6 19. b4 Qa7 20. O-O Bxd5 21.
Qxd5 Qc7 22. Rfc1 Bh6 23. Rc2 Rfc8 24. a4 Kg7 25. axb5 Rxb5 26. Qd3 Rxb4 27. Bh3 Rb6 28. Bxc8 Qxc8 29. Rca2 Rc6 30. Rxa6 Rxc3 31. Qxd6 Rc1+ 32.
Rxc1 Qxc1+ 33. Kg2 Qg5 34. h4 Qh5 35. Qf6+ Kg8 36.
Ra8+ Bf8 37. Qe7 Qh6 38. Qxe5 Qc1 39. Qe7 Qh6 40. e5 Qg7 41. f4 h5 42. Kf3 Qh6 43. e6 Qg7 44. exf7+ Kh7 45. Rxf8 Qc3+ 46. Qe3 Qc6+ 47. Kf2 Qc2+ 48. Kg1 Qd1+ 49. Kh2 Qc2+ 50. Kh1 Qd1+ 51. Kg2 Qc2+ 52. Qf2 Qc6+ 53. Kh2 Qf6 54. Re8 Qxf7 55. Qe2 Kh6 56. Qe6 Qb7 57. Qe2 Qd7 58. Re7 Qd6 59. Rf7 Qe6 60. Qxe6 1/2-1/2

[Event "*** Titled Tuesday Blitz"]
[Site "Chess.com"]
[Date "2020.05.12"]
[Round "6"]
[White "MoonlighT89"]
[Black "The_Machine04"]
[Result "1-0"]
[WhiteElo "2506"]
[BlackElo "2310"]
[TimeControl "180+1"]
[EndTime "11:07:14 PDT"]
[Termination "MoonlighT89 won by resignation"]

1. e4 Nf6 2. Nc3 d6 3. d4 e5 4. Nf3 Nbd7 5. Bc4 Be7 6. O-O c6 7. a4 Qc7 8. Qe2 h6 9. Rd1 Nf8 10. Nh4 g6 11. b4 Bg4 12. Nf3 Ne6 13. Be3 exd4 14. Bxd4 Nxd4 15. Rxd4 Nd7 16. h3 Bxf3 17. Qxf3 Ne5 18. Qf4 Nxc4 19. Rxc4 Qd7 20. Rd1 Qe6 21.
Rcd4 Rd8 22. Ne2 O-O 23. R4d3 Bg5 24. Qg4 Qc4 25. c3 Bf6 26. Qf4 Be5 27. Qe3 Rfe8 28. f4 Bg7 29. Ng3 d5 30. e5 b6 31. Qd4 Qa2 32. Re1 Qxa4 33. f5 c5 34. Qf4 g5 35.
Qf3 Rxe5 36. Red1 Qc6 37. Nh5 c4 38. R3d2 f6 39. Ng3 Bf8 40. Ne2 a5 41. Nd4 Qb7 42. Re2 axb4 43. Rxe5 fxe5 44. Ne6 Rd7 45. f6 Rf7 46.
Nd8 Qe7 47. Nxf7 Qxf7 48. cxb4 Bxb4 49. Rxd5 Bc5+ 50. Kh2 c3 51. Rd8+ Kh7 52. Qf5+ Qg6 53.
Rd7+ 1-0

[Event "*** Titled Tuesday Blitz"]
[Site "Chess.com"]
[Date "2020.05.12"]
[Round "6"]
[White "Andro2"]
[Black "LivajaM"]
[Result "1-0"]
[WhiteElo "2432"]
[BlackElo "2274"]
[TimeControl "180+1"]
[EndTime "11:07:14 PDT"]
[Termination "Andro2 won by checkmate"]

1. e4 c5 2. Nc3 Nc6 3. g3 g6 4.
Bg2 Bg7 5. Nge2 e6 6. d3 Nge7 7. Bg5 h6 8. Be3 d6 9. O-O O-O 10. d4 cxd4 11. Nxd4 a6 12. Qd2 Kh7 13. Rad1 Ne5 14.
Qe2 Qc7 15. f4 Nc4 16. Bc1 b5 17. e5 d5 18. g4 b4 19. Nb1 a5 20. Rfe1 Qa7 21.
Kh1 Ba6 22. Qf3 Rae8 23. b3 Nb6 24. Be3 Qc7 25. Nd2 Nd7 26. Bf2 Nc6 27. Ne2 Ncxe5 28. fxe5 Nxe5 29. Qg3 Qxc2 30. Nd4 Qxa2 31. Rxe5 a4 32.
bxa4 Qxa4 33. N2b3 Bc4 34. Rb1 Bxe5 35. Qxe5 Qa2 36.
Qe1 e5 37. Qg1 exd4 38. Nxd4 b3 39. g5 h5 40. Nf3 Qe2 41. Bd4 Qd3 42. Bf6 Re2 43.
Nd4 Qe3 44. Qxe3 Rxe3 45. Kg1 Rfe8 46. Kf2 Rd3 47. Bf3 Rd2+ 48. Kg3 Re3 49. h4 Rdd3 50. Kf4 Rxf3+ 51. Nxf3 b2 52. Rxb2 Rxf3+ 53. Kxf3 d4 54. Rb8 Bd5+ 55. Kf4 Be6 56. Rh8# 1-0

[Event "*** Titled Tuesday Blitz"]
[Site "Chess.com"]
[Date "2020.05.12"]
[Round "6"]
[White "BelaKis"]
[Black "MariaFominykh"]
[Result "1-0"]
[WhiteElo "2119"]
[BlackElo "2326"]
[TimeControl "180+1"]
[EndTime "11:07:14 PDT"]
[Termination "BelaKis won on time"]

1. Nf3 Nf6 2. g3 g6 3. Bg2 Bg7 4. O-O O-O 5. c4 d6 6. Nc3 e5 7. d3 Nc6 8. Rb1 a6 9. b4 Bd7 10. a4 Qc8 11. b5 axb5 12. axb5 Na5 13. Bd2 Bh3 14. e4 Bxg2 15. Kxg2 b6 16. Ra1 Nb7 17. Rxa8 Qxa8 18. Qa1 Nc5 19. Qxa8 Rxa8 20. Ne1 Ra3 21.
Kf3 Nfd7 22. Ke2 Ra1 23. Nd5 Ne6 24. Nc2 Ra2 25. Rc1 Ndc5 26. Kd1 Nb3 27. Rb1 Nbc5 28. Ra1 Rxa1+ 29. Nxa1 Nxd3 30. f3 Nb2+ 31. Kc2 Nxc4 32. Bc1 Na5 33. Kd1 Nb7 34. Nc2 Kf8 35. Ncb4 Ke8 36.
Na6 Kd7 37. Be3 Nbc5 38. Kc2 f5 39. exf5 gxf5 40. Kc3 e4+ 41. Kd2 exf3 42. Ke1 Ne4 43. Bxb6 cxb6 44. Nxb6+ Kd8 45. Nd5 N6c5 46. b6 Nb7 47.
Nab4 Bc3+ 48. Kf1 Bxb4 49. Nxb4 Kd7 50. Nc2 d5 51. Nd4 Kd6 52. Nxf3 Kc6 53. Nd4+ Kxb6 54. Nxf5 Nbd6 55. Ne7 Nc4 56. Nxd5+ Kc5 57. Nf4 Ncd2+ 58. Kg2 Kd4 59. Nh5 Nc4 60. Kf3 Ne5+ 61. Kf4 Ng6+ 62.
Kf5 Nf2 63. Nf6 Ke3 64. Nxh7 Ne7+ 65. Kg5 Nd5 66. Nf6 Kf3 67. Nxd5 Ne4+ 68. Kh4 Nf2 69. Nf6 Nh1 70. g4 1-0

[Event "*** Titled Tuesday Blitz"]
[Site "Chess.com"]
[Date "2020.05.12"]
[Round "6"]
[White "WIDBIFS"]
[Black "Meri-Arabidze"]
[Result "0-1"]
[WhiteElo "2723"]
[BlackElo "2595"]
[TimeControl "180+1"]
[EndTime "11:07:15 PDT"]
[Termination "Meri-Arabidze won on time"]

1. d4 d5 2. Nf3 Nf6 3. Bf4 e6 4. e3 Bd6 5. Bg3 c5 6. Nbd2 Nc6 7. c3 O-O 8. Bd3 b6 9. Qe2 Bb7 10. Rd1 h6 11. Ne5 Qc7 12. f4 Ne7 13. Bh4 Ne4 14. Bxe7 Bxe7 15. O-O Rac8 16. Nxe4 dxe4 17. Ba6 cxd4 18.
exd4 Bxa6 19. Qxa6 f5 20. d5 Qc5+ 21. Kh1 exd5 22. Nd7 Qc6 23. Nxf8 Bxf8 24. Rd2 Bc5 25. Rfd1 Rd8 26. Rxd5 Rxd5 27. Qc4 Kh7 28. Qxd5 Qf6 29. g3 a5 30. Kg2 Qg6 31. h3 h5 32. Re1 h4 33. g4 fxg4 34. Qxe4 g3 35. a3 Bf2 36.
Qxg6+ Kxg6 37. Re5 Kf6 38. Kf3 Bc5 39. b4 axb4 40.
axb4 Bf2 41. c4 Bd4 42. Rd5 Bc3 43. Rd6+ Kf5 44. Rxb6 Bd2 45. Rb5+ Ke6 46. c5 Bxf4 47. Rb6+ Kf5 48. Rb7 g5 49. c6 Ke6 50. b5 g4+ 51. hxg4 h3 52. Rh7 g2 53. Kf2 Be3+ 0-1

[Event "*** Titled Tuesday Blitz"]
[Site "Chess.com"]
[Date "2020.05.12"]
[Round "6"]
[White "EugeneRougon"]
[Black "ehrenfeld"]
[Result "1-0"]
[WhiteElo "2748"]
[BlackElo "2501"]
[TimeControl "180+1"]
[EndTime "11:07:15 PDT"]
[Termination "EugeneRougon won by resignation"]

1. e4 e5 2. Nf3 Nc6 3. Bb5 a6 4. Ba4 Nf6 5. O-O Be7 6. Re1 b5 7. Bb3 d6 8. c3 O-O 9. h3 Na5 10.
Bc2 c5 11. d4 Qc7 12. Nbd2 Bd7 13. d5 c4 14. Nf1 Nb7 15. Ng3 Nc5 16. b4 cxb3 17.
axb3 a5 18. Be3 Rfc8 19. b4 axb4 20. Rxa8 Rxa8 21. cxb4 Na4 22. Bd3 Qb8 23. Qb3 Bd8 24. Ne2 Bb6 25. Bxb6 Qxb6 26. Nc3 Nxc3 27. Qxc3 g6 28.
Rc1 Rc8 29. Qd2 Rxc1+ 30. Qxc1 Nh5 31. Qh6 f6 32. Bf1 Qd8 33. Qe3 Qb8 34. Nd2 Kg7 35.
Nb1 Nf4 36. Kh2 f5 37. Nc3 fxe4 38. Qxe4 Qb6 39. Qe3 Qd4 40. g3 Nh5 41. Qxd4 exd4 42. Nxb5 Nf6 43. Nxd4 Nxd5 44. b5 Nb6 45. f4 Kf6 46. Kg2 Ke7 47. Kf3 d5 48. g4 Kd6 49.
f5 gxf5 50. Nxf5+ Bxf5 51. gxf5 Ke5 52. Kg4 Nd7 53. Kg5 Nf6 54. b6 Nd7 55. b7 Ke4 56. f6 1-0

[Event "*** Titled Tuesday Blitz"]
[Site "Chess.com"]
[Date "2020.05.12"]
[Round "6"]
[White "MaxLeto"]
[Black "Konek-Gorbunok"]
[Result "1/2-1/2"]
[WhiteElo "2329"]
[BlackElo "2165"]
[TimeControl "180+1"]
[EndTime "11:07:15 PDT"]
[Termination "Game drawn - insufficient material"]

1. g4 e5 2. Bg2 d6 3. d4 c6 4. g5 Be7 5. h4 h6 6. dxe5 dxe5 7. Qxd8+ Bxd8 8. Nf3 hxg5 9. hxg5 Rxh1+ 10. Bxh1 Bf5 11.
Nxe5 Bxc2 12. Na3 Bf5 13. Nac4 Bc7 14. e4 Be6 15. f4 Nd7 16. Nxd7 Bxc4 17. Nc5 O-O-O 18.
b3 Ba5+ 19. Kf2 Bc3 20. Rb1 Bb5 21. a4 Bd3 22. Nxd3 Rxd3 23. Be3 Bd2 24. Bxd2 Rxd2+ 25. Ke3 Rh2 26. Bf3 Ne7 27. Bg4+ Kc7 28. Rd1 Kb6 29.
Rd7 Ng6 30. Rxf7 Rg2 31. Bf3 Rg3 32. Rxg7 Nh4 33. f5 Rxf3+ 34. Kd4 Nxf5+ 35. exf5 Rxf5 36. g6 Rg5 37. Kc4 Ka6 38. b4 b5+ 39. axb5+ cxb5+ 40. Kd4 Kb6 41. Ke4 a5 42. bxa5+ Kxa5 43. Kf4 Rg1 44. Kf5 Kb4 45. Rb7 Kb3 46. g7 b4 47. Kf6 Kc3 48. Rb5 b3 49. Rg5 Rxg5 50. Kxg5 b2 51. g8=Q b1=Q 52. Qc8+ Kb2 53. Qb7+ Kc2 54. Qe4+ Kb2 55.
Qb4+ Ka2 56. Qa4+ Kb2 57. Kf4 Qc2 58. Qb4+ Qb3 59. Qd2+ Qc2 60. Qxc2+ Kxc2 1/2-1/2

[Event "*** Titled Tuesday Blitz"]
[Site "Chess.com"]
[Date "2020.05.12"]
[Round "6"]
[White "David_Paravyan"]
[Black "mbojan"]
[Result "0-1"]
[WhiteElo "2888"]
[BlackElo "2692"]
[TimeControl "180+1"]
[EndTime "11:07:17 PDT"]
[Termination "mbojan won by resignation"]

1. e4 g6 2. d4 Bg7 3. Nf3 d6 4. c4 e5 5. Nc3 Nc6 6. d5 Nd4 7.
Be3 Bg4 8. Be2 Bxf3 9. Bxf3 c5 10. g3 Ne7 11. h4 h5 12. Bg2 O-O 13. O-O Kh7 14. a3 Rc8 15. Qd3 b6 16. b4 Bh6 17.
Bxh6 Kxh6 18. f4 exf4 19. Rxf4 Ng8 20. Raf1 Kg7 21. Ne2 Nxe2+ 22. Qxe2 Qe7 23. g4 hxg4 24. bxc5 bxc5 25. Qxg4 Nh6 26. Qg5 Rce8 27. Rf6 Ng8 28. e5 dxe5 29. Rc6 Rc8 30. d6 Qxg5 31. hxg5 Rxc6 32. Bxc6 Rd8 33. Rd1 f6 34. Rd5 fxg5 35.
d7 Ne7 36. Rxc5 Nxc6 37. Rxc6 Rxd7 38. Kf2 Kf7 39. Ke3 g4 40. Ke4 g3 41. Kf3 Rd3+ 42. Kg2 Rxa3 43. c5 g5 44. Rd6 Ke7 45. Rg6 Kd7 46. Rxg5 e4 47. Re5 Kc6 48. Rxe4 Kxc5 49.
Re5+ Kd6 50. Rh5 a5 51. Rg5 a4 52. Ra5 Kc6 53. Kh3 Kb6 54. Ra8 Kb7 55. Ra5 Kb6 56. Ra8 Kb5 57. Rb8+ Kc4 58. Ra8 Kb4 59. Rb8+ Kc3 60. Kxg3 Rb3 61. Ra8 Kb2+ 62. Kf2 a3 0-1

[Event "*** Titled Tuesday Blitz"]
[Site "Chess.com"]
[Date "2020.05.12"]
[Round "6"]
[White "BogdanBelyakov89"]
[Black "ljuks68"]
[Result "1-0"]
[WhiteElo "2562"]
[BlackElo "2385"]
[TimeControl "180+1"]
[EndTime "11:07:19 PDT"]
[Termination "BogdanBelyakov89 won on time"]

1. e4 e6 2. d4 d5 3. Nc3 Bb4 4.
a3 Bxc3+ 5. bxc3 Ne7 6. e5 c5 7. a4 Qa5 8. Bd2 Bd7 9. Nf3 Nbc6 10. Bd3 c4 11. Be2 O-O-O 12. O-O f6 13. exf6 gxf6 14. Re1 Nf5 15. Bf1 Nd6 16. Qb1 Ne4 17. Qb5 Nxd2 18. Nxd2 Qxc3 19. Rab1 Na5 20. Qc5+ Nc6 21.
Nf3 b6 22. Qd6 Nxd4 23. Nxd4 Qxd4 24. a5 Qc5 25. Qxc5+ bxc5 26. a6 e5 27. Rb7 Bc6 28. Rf7 Rhf8 29. Rxh7 Rd7 30. Rh6 d4 31. Bxc4 Bd5 32.
Bd3 Kc7 33. Rb1 c4 34. Bf5 Re7 35. f3 Kd6 36. h4 Kc5 37. h5 e4 38. fxe4 Bxe4 39.
Bxe4 Rxe4 40. Rb7 Re2 41. Rc7+ Kd5 42. Rd7+ Kc5 43. Rxa7 Rxc2 44. Rc7+ Kd5 45. a7 d3 46. Rxf6 Ra8 47. Rff7 d2 48. Rfd7+ Ke4 49. Kh2 c3 50. h6 Rc1 51. h7 d1=Q 52. Rxd1 Rxd1 53. Re7+ Kf5 54.
Rg7 1-0

[Event "*** Titled Tuesday Blitz"]
[Site "Chess.com"]
[Date "2020.05.12"]
[Round "6"]
[White "Ranindu2003"]
[Black "ketster"]
[Result "0-1"]
[WhiteElo "2423"]
[BlackElo "2292"]
[TimeControl "180+1"]
[EndTime "11:07:19 PDT"]
[Termination "ketster won by resignation"]

1. e4 e5 2. Nf3 Nc6 3. Bc4 Nf6 4.
d3 Be7 5. O-O O-O 6. Re1 d6 7.
a4 Na5 8. Ba2 c5 9. h3 Be6 10.
c3 Nc6 11. Na3 Bxa2 12. Rxa2 Ne8 13. Nc4 Nc7 14. Qb3 Rb8 15. a5 Bf6 16. Ne3 g6 17. Ng4 Kh8 18. Nh6 Qe7 19. Bd2 Bg7 20. Ng4 Ne6 21. Ne3 f5 22. Nd5 Qf7 23. Qd1 f4 24. Nh2 g5 25. f3 Nc7 26. Nxc7 Qxa2 27. Nd5 Qxa5 28. c4 Qd8 29. b4 b5 30. bxc5 dxc5 31.
Ng4 b4 32. Qa4 Qd6 33. Ra1 b3 34. Bc3 Rb7 35. Rb1 Nd4 36. Bxd4 cxd4 37. Rxb3 Rxb3 38. Qxb3 Rb8 39. Qa4 h5 40. Nf2 Kh7 41. Kh2 Rb1 42. Qa2 Rb7 43. Qa4 Qd7 44. Qa5 Qc6 45. g3 a6 46.
gxf4 gxf4 47. Qa3 Qg6 48. Qe7 Rxe7 49. Nxe7 Qg3+ 50. Kh1 Qxf2 51. Nf5 Qxf3+ 52. Kh2 Qxd3 53. Kg1 Qxe4 54. Kf2 Qxf5 0-1

[Event "*** Titled Tuesday Blitz"]
[Site "Chess.com"]
[Date "2020.05.12"]
[Round "6"]
[White "StephenDedalus83"]
[Black "FLamps8"]
[Result "1/2-1/2"]
[WhiteElo "2730"]
[BlackElo "2584"]
[TimeControl "180+1"]
[EndTime "11:07:20 PDT"]
[Termination "Game drawn by repetition"]

1. e4 c6 2. d4 d5 3. e5 Bf5 4. c3 e6 5. Be3 Nd7 6. Nd2 Ne7 7.
f4 Bg6 8. Ngf3 Nf5 9. Bf2 h5 10. Be2 Be7 11. O-O h4 12. g4 hxg3 13. hxg3 Nh6 14.
Ne1 f5 15. Kg2 Qc7 16. Rh1 O-O-O 17. Nc2 Bf7 18. Be3 Rdg8 19. Nf3 Ng4 20. Bd2 Qd8 21.
Ne3 Rxh1 22. Qxh1 Rh8 23. Qd1 Bh5 24. Ng1 Nxe3+ 25. Bxe3 Bxe2 26. Qxe2 Qg8 27. Nh3 Qh7 28. Rh1 Qg6 29. Qd1 Rh4 30. Nf2 Rh6 31. b3 Nf8 32. c4 Rxh1 33. Qxh1 Qh7 34. Qe1 Qh5 35.
cxd5 exd5 36. Qd1 Qxd1 37. Nxd1 Ne6 38. Kf3 Kd7 39. Ke2 g5 40. Kd3 g4 41. Bd2 Ng7 42. Ne3 Ke6 43. Bc3 Nh5 44. Nf1 Bd8 45. Be1 Bb6 46. Ne3 Bc7 47. Nc2 Bd8 48. Bf2 Be7 49. Kc3 Bf8 50. Ne1 Be7 51. Nd3 Bf8 52. Kd2 Be7 53.
Ke2 Bf8 54. Be1 Be7 55. Kf2 Bf8 56. Ba5 b6 57. Bc3 a5 58. b4 a4 59. Nb2 b5 60.
Nd3 Ng7 61. Ke3 Kd7 62. a3 Ke6 63. Ne1 Be7 64. Nc2 Nh5 65. Be1 Ng7 66. Kd3 Ne8 67.
Ne3 Nc7 68. Nd1 Na8 69. Nb2 Nb6 70. Ke3 Nc4+ 71. Nxc4 dxc4 72. Bc3 Kd5 73. Bb2 Bf8 74.
Bc3 Be7 75. Be1 Bf8 76. Bc3 Be7 1/2-1/2

[Event "*** Titled Tuesday Blitz"]
[Site "Chess.com"]
[Date "2020.05.12"]
[Round "6"]
[White "Azatic"]
[Black "sergeikim"]
[Result "1/2-1/2"]
[WhiteElo "2568"]
[BlackElo "2427"]
[TimeControl "180+1"]
[EndTime "11:07:20 PDT"]
[Termination "Game drawn - insufficient material"]

1. e4 e5 2. Nf3 Nc6 3. Bb5 a6 4. Ba4 Nf6 5. O-O b5 6. Bb3 Bc5 7. c3 d6 8. d4 Bb6 9. Bg5 h6 10. Bh4 O-O 11. Qd3 Qe7 12. Nbd2 Bg4 13. Rfe1 Na5 14.
Bc2 c5 15. h3 Bh5 16. Nf1 cxd4 17. Ng3 Bg6 18. cxd4 Nc6 19. dxe5 dxe5 20. Bb3 Rfd8 21. Qf1 Nd4 22. Nxd4 Bxd4 23. Qe2 Qd6 24. Bxf6 Qxf6 25. Rac1 Rac8 26. Rxc8 Rxc8 27. Rf1 Qf4 28. Kh1 h5 29.
Qd1 Bxb2 30. Qd7 Rc1 31. Rxc1 Bxc1 32. Kh2 h4 33. Qc8+ Kh7 34. Bd5 hxg3+ 35. fxg3 Qf1 36. h4 Be3 37. Kh3 Qh1+ 38. Kg4 Qd1+ 39. Kh3 Qe2 40.
Qg4 Qxg4+ 41. Kxg4 a5 42. h5 f5+ 43. exf5 Be8 44. Be6 Kh6 45. Kf3 Bxh5+ 46. g4 Be8 47. Kxe3 b4 48. Ke4 Kg5 49. Kxe5 a4 50. Ke4 b3 51. axb3 axb3 52. Bxb3 Bc6+ 53. Ke5 Bxg2 54. Bd1 Bh3 55. Ke6 Bxg4 56. Bc2 Bxf5+ 57. Bxf5 g6 58. Be4 Kf4 59. Bxg6 1/2-1/2

[Event "*** Titled Tuesday Blitz"]
[Site "Chess.com"]
[Date "2020.05.12"]
[Round "6"]
[White "ameetghasi100"]
[Black "RitvarsReimanis"]
[Result "1-0"]
[WhiteElo "2718"]
[BlackElo "2487"]
[TimeControl "180+1"]
[EndTime "11:07:21 PDT"]
[Termination "ameetghasi100 won by resignation"]

1. Nf3 Nf6 2. g3 e6 3. Bg2 d5 4. O-O Be7 5. d3 O-O 6. Nbd2 b6 7. e3 Bb7 8. b3 c5 9. Bb2 Nfd7 10. c4 Bf6 11. d4 dxc4 12. Nxc4 cxd4 13. Bxd4 Bxd4 14.
Qxd4 Nc6 15. Qf4 Nc5 16. Nd6 Ba6 17. Rfd1 Qc7 18. Ng5 e5 19. Qf5 g6 20. Qh3 h5 21. g4 Bc8 22. Nxc8 Qxc8 23. Qf3 e4 24. Nxe4 Ne5 25. Qf4 Nxg4 26. h3 Ne6 27. Qg3 Nh6 28. Qe5 Qb8 29. Rd6 Ng7 30. Nf6+ Kh8 31. Nd7 Qe8 32. Qd5 Rc8 33. Nxf8 Qxf8 34. Rd1 Ne6 35.
Qe5+ Qg7 36. Qxg7+ Kxg7 37. Rd7 Rc2 38. Rxa7 Nf5 39. Rdd7 Nh6 40. Bd5 Nc5 41. Rdc7 Kf6 42.
Bxf7 Kg5 43. Bd5 Nf5 44. b4 Rc1+ 45. Kg2 Nd3 46. Rxc1 Nxc1 47. Be4 Nh4+ 48. Kg3 Ne2+ 49. Kh2 Nc3 50. f4+ Kf6 51. Bd3 Nd5 52. Ra6 Nxe3 53. Rxb6+ Kf7 54. a4 Nd5 55. Rb7+ Kf6 56. a5 Nxf4 57. Be4 Ne2 58. a6 Nc3 59. a7 Nxe4 60.
a8=Q Nf3+ 61. Kg2 Nh4+ 62. Kf1 Nf5 63. Rb6+ Kg5 64. Qxe4 1-0